NYP
ROME BRAVES @ WEST VIRGINIA BLACK BEARS
08/23/2045
 
TOP OF THE 1ST
Rome Braves batting - Pitching for West Virginia Black Bears : RHP James Cornette
Pitching: RHP James Cornette
Batting: RHB Hisayuki Akiyama 0-0: Called Strike
0-1: SOLO HOME RUN (Flyball, 7D, EV 112.5 MPH), Distance : 417 ft
Batting: LHB Joe Phillips 0-0: Ball
1-0: Fly out, F6 (Line Drive, 6, EV 65.0 MPH)
Batting: LHB Mike Tenorio 0-0: Ball
1-0: Ball
2-0: Foul Ball, location: 2F
2-1: Ball
3-1: Foul Ball, location: 2F
3-2: SINGLE (Groundball, 4MD, EV 108.1 MPH)
Batting: RHB Jose Ramos 0-0: Ball
1-0: Called Strike
1-1: DOUBLE (Groundball, 5L, EV 102.5 MPH)
Mike Tenorio to third
Runner from 3rd tries for Home, SAFE, throw by LF to home
Batting: LHB Javier Rubio 0-0: Ball
1-0: Called Strike
1-1: Ball
2-1: Foul Ball, location: 2F
Balk!
Jose Ramos to third
2-2: Foul Ball, location: 2F
2-2: Foul Ball, location: 2F
2-2: Ball
3-2: Base on Balls
Batting: SHB Jordan Barragan 0-0: Ball
1-0: Ball
2-0: Ball
3-0: Called Strike
3-1: Base on Balls
Javier Rubio to second
Batting: RHB Andy Cunningham 0-0: Ball
1-0: Ball
2-0: Called Strike
2-1: Ball
3-1: Base on Balls
Jose Ramos scores
Javier Rubio to third
Jordan Barragan to second
Batting: RHB Peter Wheeler 0-0: Called Strike
0-1: Foul Ball, location: 2F
0-2: Ball
1-2: Ball
2-2: Foul Ball, location: 2F
2-2: Strikes out looking
Batting: LHB Malik Boulay 0-0: Ball
1-0: Called Strike
1-1: Ground out 5-3 (Groundball, 56S, EV 88.8 MPH)
Top of the 1st over - 3 runs, 3 hits, 0 errors, 3 left on base; Rome 3 - West Virginia 0
BOTTOM OF THE 1ST
West Virginia Black Bears batting - Pitching for Rome Braves : RHP Nikita Eliseenko
Pitching: RHP Nikita Eliseenko
Batting: LHB Donald Imre 0-0: Called Strike
0-1: Ground out U3 (Groundball, 3, EV 90.0 MPH)
Batting: LHB Gregg Kellerman 0-0: Ground out 4-3 (Groundball, 34, EV 86.9 MPH)
Batting: RHB Zach Chmieleski 0-0: Ball
1-0: Ball
2-0: Ball
3-0: Called Strike
3-1: Swinging Strike
3-2: Strikes out swinging
Bottom of the 1st over - 0 runs, 0 hits, 0 errors, 0 left on base; Rome 3 - West Virginia 0
TOP OF THE 2ND
Rome Braves batting - Pitching for West Virginia Black Bears : RHP James Cornette
Batting: RHB Hisayuki Akiyama 0-0: Ball
1-0: Foul Ball, location: 2F
1-1: Fly out, F9 (Flyball, 9S, EV 88.8 MPH)
Batting: LHB Joe Phillips 0-0: Ball
1-0: Called Strike
1-1: Fly out, F8 (Line Drive, 8LD, EV 94.4 MPH)
Batting: LHB Mike Tenorio 0-0: Called Strike
0-1: Foul Ball, location: 2F
0-2: Strikes out looking
Top of the 2nd over - 0 runs, 0 hits, 0 errors, 0 left on base; Rome 3 - West Virginia 0
BOTTOM OF THE 2ND
West Virginia Black Bears batting - Pitching for Rome Braves : RHP Nikita Eliseenko
Batting: RHB Freddy Quintero 0-0: Called Strike
0-1: Called Strike
0-2: Strikes out swinging
Batting: LHB Brandon Sarni 0-0: Ball
1-0: Swinging Strike
1-1: SINGLE (Groundball, 4MD, EV 96.9 MPH)
Batting: RHB Brandon White 0-0: Ball
1-0: Called Strike
1-1: Foul Ball, location: 2F
1-2: Strikes out swinging
Brandon Sarni steals 2nd base
Batter strikes out.
Batting: SHB Mike Corley 0-0: Called Strike
0-1: Swinging Strike
0-2: Ball
1-2: Ball
2-2: Ball
3-2: Foul Ball, location: 2F
3-2: Base on Balls
Batting: RHB Richard Barrios 0-0: Swinging Strike
0-1: Called Strike
0-2: Reached on error, E6 (Groundball, 6, EV 100.6 MPH)
Brandon Sarni to third
Mike Corley to second
Batting: RHB Rick Pittman 0-0: Ball
1-0: Ball
2-0: Called Strike
2-1: DOUBLE (Line Drive, 78D, EV 100.6 MPH)
Brandon Sarni scores
Mike Corley scores
Richard Barrios to third
Runner from 3rd tries for Home, SAFE, no throw by LF
Batting: LHB Donald Imre 0-0: SINGLE (Line Drive, 7S, EV 90.6 MPH)
Rick Pittman to third
Throwing error, E7
Rick Pittman scores
Donald Imre to second
Batting: LHB Gregg Kellerman 0-0: Called Strike
0-1: Ball
1-1: Called Strike
1-2: Foul Ball, location: 2F
1-2: Ball
2-2: Foul Ball, location: 2F
2-2: Foul Ball, location: 2F
2-2: Ground out 4-3 (Groundball, 4S, EV 63.1 MPH)
Bottom of the 2nd over - 4 runs, 3 hits, 2 errors, 1 left on base; Rome 3 - West Virginia 4
TOP OF THE 3RD
Rome Braves batting - Pitching for West Virginia Black Bears : RHP James Cornette
Batting: RHB Jose Ramos 0-0: Ball
1-0: Foul Ball, location: 2F
1-1: Called Strike
1-2: TRIPLE (Flyball, 78XD, EV 102.5 MPH)
Batting: LHB Javier Rubio 0-0: Ball
1-0: Ball
2-0: 2-RUN HOME RUN (Flyball, 9D, EV 95.0 MPH), Distance : 379 ft
Batting: SHB Jordan Barragan 0-0: Called Strike
0-1: Ball
1-1: Fly out, F7 (Flyball, 7S, EV 88.8 MPH)
Batting: RHB Andy Cunningham 0-0: Called Strike
0-1: Ball
1-1: Ball
2-1: Called Strike
2-2: Ball
3-2: SINGLE (Groundball, 4MD, EV 95.0 MPH) (infield hit)
Batting: RHB Peter Wheeler 0-0: Called Strike
0-1: Ball
1-1: Ball
2-1: DOUBLE (Line Drive, 9LM, EV 96.2 MPH)
Andy Cunningham to third
Batting: LHB Malik Boulay 0-0: Ball
1-0: Ball
2-0: Foul Ball, location: 2F
2-1: Foul Ball, location: 2F
2-2: Strikes out looking
Batting: RHB Hisayuki Akiyama 0-0: Foul Ball, location: 2F
0-1: Called Strike
0-2: Ball
1-2: Ball
2-2: Ball
3-2: Ground out 6-3 (Groundball, 6, EV 109.4 MPH)
Top of the 3rd over - 2 runs, 4 hits, 0 errors, 2 left on base; Rome 5 - West Virginia 4
BOTTOM OF THE 3RD
West Virginia Black Bears batting - Pitching for Rome Braves : RHP Nikita Eliseenko
Batting: RHB Zach Chmieleski 0-0: SOLO HOME RUN (Flyball, 9D, EV 101.2 MPH), Distance : 390 ft
Batting: RHB Freddy Quintero 0-0: Ball
1-0: Called Strike
1-1: Called Strike
1-2: Ball
2-2: Foul Ball, location: 2F
2-2: Ball
3-2: Base on Balls
Batting: LHB Brandon Sarni 0-0: Ball
1-0: Called Strike
1-1: Foul Ball, location: 2F
1-2: Foul Ball, location: 2F
1-2: Fly out, F9 (Line Drive, 9, EV 98.1 MPH)
Batting: RHB Brandon White 0-0: Called Strike
0-1: Called Strike
0-2: Grounds into double play, 5-4-3 (Groundball, 56S, EV 87.5 MPH)
Bottom of the 3rd over - 1 run, 1 hit, 0 errors, 0 left on base; Rome 5 - West Virginia 5
TOP OF THE 4TH
Rome Braves batting - Pitching for West Virginia Black Bears : RHP James Cornette
Batting: LHB Joe Phillips 0-0: Foul Ball, location: 2F
0-1: Fly out, F9 (Line Drive, 9, EV 93.1 MPH)
Batting: LHB Mike Tenorio 0-0: Called Strike
0-1: SINGLE (Groundball, 56D, EV 104.4 MPH)
Batting: RHB Jose Ramos 0-0: Ball
1-0: Called Strike
1-1: Ball
2-1: Foul Ball, location: 2F
2-2: Fly out, F8 (Flyball, 8RS, EV 92.5 MPH)
Batting: LHB Javier Rubio 0-0: Ball
1-0: Foul Ball, location: 2F
1-1: Foul Ball, location: 2F
1-2: Foul Ball, location: 2F
1-2: Ground out 3-1 (Groundball, 34, EV 101.9 MPH)
Top of the 4th over - 0 runs, 1 hit, 0 errors, 1 left on base; Rome 5 - West Virginia 5
BOTTOM OF THE 4TH
West Virginia Black Bears batting - Pitching for Rome Braves : RHP Nikita Eliseenko
Batting: SHB Mike Corley 0-0: Ball
1-0: Called Strike
1-1: Ball
2-1: Fly out, F7 (Flyball, 7S, EV 85.6 MPH)
Batting: RHB Richard Barrios 0-0: Ball
1-0: Ball
2-0: Foul Ball, location: 2F
2-1: Ball
3-1: Called Strike
3-2: SINGLE (Groundball, 56D, EV 97.5 MPH)
Pitching: RHP Marvin Rosas
Batting: RHB Rick Pittman 0-0: Ball
Richard Barrios steals 2nd base
1-0: Called Strike
1-1: Ball
2-1: Ball
3-1: Base on Balls
Batting: LHB Donald Imre 0-0: Ball
1-0: Called Strike
Richard Barrios steals 3rd base
1-1: Ball
2-1: Ball
3-1: Fly out, F9 (Flyball, 9LS, EV 88.1 MPH)
Batting: LHB Gregg Kellerman 0-0: Ball
1-0: Ball
Wild Pitch!
Richard Barrios scores
Rick Pittman to second
2-0: Called Strike
2-1: Ball
3-1: Base on Balls
Batting: RHB Zach Chmieleski 0-0: Ball
1-0: Called Strike
1-1: Foul Ball, location: 2F
1-2: Ball
2-2: Fielders Choice at 2nd, 6-4 (Groundball, 6, EV 82.5 MPH)
Bottom of the 4th over - 1 run, 1 hit, 0 errors, 2 left on base; Rome 5 - West Virginia 6
TOP OF THE 5TH
Rome Braves batting - Pitching for West Virginia Black Bears : RHP James Cornette
Batting: SHB Jordan Barragan 0-0: Foul Ball, location: 2F
0-1: Foul Ball, location: 2F
0-2: Strikes out looking
Batting: RHB Andy Cunningham 0-0: Called Strike
0-1: Ball
1-1: Foul Ball, location: 2F
1-2: Strikes out looking
Batting: RHB Peter Wheeler 0-0: Ball
1-0: Ground out 5-3 (Groundball, 56S, EV 69.4 MPH)
Top of the 5th over - 0 runs, 0 hits, 0 errors, 0 left on base; Rome 5 - West Virginia 6
BOTTOM OF THE 5TH
West Virginia Black Bears batting - Pitching for Rome Braves : RHP Marvin Rosas
Batting: RHB Freddy Quintero 0-0: Called Strike
0-1: DOUBLE (Flyball, 8RXD, EV 100.0 MPH)
Batting: LHB Brandon Sarni 0-0: Ball
1-0: Ball
2-0: SINGLE (Popup, 4D, EV 65.6 MPH)
Freddy Quintero to third
Batting: RHB Brandon White 0-0: Ball
Brandon Sarni steals 2nd base
1-0: Called Strike
1-1: Ball
2-1: Ball
3-1: Base on Balls
Batting: SHB Mike Corley 0-0: Ball
1-0: Called Strike
1-1: Fielders Choice at 2nd, 3-6 (Groundball, 13, EV 81.9 MPH)
Freddy Quintero scores
Brandon Sarni to third
Batting: RHB Richard Barrios 0-0: Ball
Mike Corley steals 2nd base
1-0: Called Strike
1-1: SINGLE (Flyball, 5D, EV 88.8 MPH)
Brandon Sarni scores
Mike Corley to third
Batting: RHB Rick Pittman 0-0: SINGLE (Groundball, 6MS, EV 88.8 MPH) (infield hit)
Mike Corley scores
Richard Barrios to second
Pitching: RHP Bobby Feig
Batting: LHB Donald Imre 0-0: Called Strike
0-1: Ball
1-1: Swinging Strike
1-2: Strikes out swinging
Batting: LHB Gregg Kellerman 0-0: Called Strike
0-1: Foul Ball, location: 2F
0-2: Ball
1-2: Strikes out swinging
Bottom of the 5th over - 3 runs, 4 hits, 0 errors, 2 left on base; Rome 5 - West Virginia 9
TOP OF THE 6TH
Rome Braves batting - Pitching for West Virginia Black Bears : RHP James Cornette
Pitching: RHP Xavier Stovall
Batting: LHB Malik Boulay 0-0: Called Strike
0-1: Ball
1-1: Foul Ball, location: 2F
1-2: Ball
2-2: Fly out, F6 (Popup, 6M, EV 60.0 MPH)
Batting: RHB Hisayuki Akiyama 0-0: Called Strike
0-1: Ground out 5-3 (Groundball, 56, EV 78.8 MPH)
Batting: LHB Joe Phillips 0-0: Ball
1-0: Called Strike
1-1: Ball
2-1: Foul Ball, location: 2F
2-2: Strikes out swinging
Top of the 6th over - 0 runs, 0 hits, 0 errors, 0 left on base; Rome 5 - West Virginia 9
BOTTOM OF THE 6TH
West Virginia Black Bears batting - Pitching for Rome Braves : RHP Bobby Feig
Batting: RHB Zach Chmieleski 0-0: Called Strike
0-1: Foul Ball, location: 2F
0-2: Strikes out swinging
Batting: RHB Freddy Quintero 0-0: Ball
1-0: Called Strike
1-1: SINGLE (Line Drive, 4D, EV 97.5 MPH)
Batting: LHB Brandon Sarni 0-0: Swinging Strike
0-1: Foul Ball, location: 2F
0-2: Fielders Choice at 2nd, 6-4 (Groundball, 6, EV 101.9 MPH)
Batting: RHB Brandon White 0-0: Ball
1-0: Called Strike
1-1: Ball
2-1: Ball
3-1: Swinging Strike
3-2: Foul Ball, location: 2F
3-2: Strikes out swinging
Bottom of the 6th over - 0 runs, 1 hit, 0 errors, 1 left on base; Rome 5 - West Virginia 9
TOP OF THE 7TH
Rome Braves batting - Pitching for West Virginia Black Bears : RHP Xavier Stovall
Pitching: RHP Sakio Miyamoto
Batting: LHB Mike Tenorio 0-0: Ball
1-0: Ball
2-0: Called Strike
2-1: Ball
3-1: Base on Balls
Batting: RHB Jose Ramos 0-0: SINGLE (Groundball, 4MS, EV 75.6 MPH) (infield hit)
Mike Tenorio to second
Batting: LHB Javier Rubio 0-0: SINGLE (Groundball, 4MD, EV 102.5 MPH)
Mike Tenorio to third
Jose Ramos to second
Batting: SHB Jordan Barragan 0-0: Ball
1-0: Ball
2-0: Ball
3-0: Called Strike
3-1: Base on Balls
Mike Tenorio scores
Jose Ramos to third
Javier Rubio to second
Batting: RHB Andy Cunningham 0-0: Ball
1-0: Called Strike
1-1: GRAND SLAM HOME RUN (Line Drive, 7D, EV 105.0 MPH), Distance : 396 ft
Pitching: RHP Frank Morris
Batting: RHB Peter Wheeler 0-0: SINGLE (Groundball, 6D, EV 102.5 MPH)
Batting: LHB Malik Boulay 0-0: Ball
1-0: Ball
2-0: Called Strike
2-1: Foul Ball, location: 2F
2-2: Ball
3-2: Grounds into double play, 4-6-3 (Groundball, 4, EV 100.0 MPH)
Batting: RHB Hisayuki Akiyama 0-0: Ball
1-0: Ball
2-0: Ball
3-0: Base on Balls
Batting: LHB Joe Phillips 0-0: Ball
Hisayuki Akiyama is caught stealing 2nd base 2-6
Top of the 7th over - 5 runs, 4 hits, 0 errors, 0 left on base; Rome 10 - West Virginia 9
BOTTOM OF THE 7TH
West Virginia Black Bears batting - Pitching for Rome Braves : RHP Bobby Feig
Pitching: LHP Steve Young
Batting: SHB Mike Corley 0-0: Called Strike
0-1: Called Strike
0-2: Ball
1-2: Fly out, F9 (Flyball, 89D, EV 88.1 MPH)
Batting: RHB Richard Barrios 0-0: Called Strike
0-1: Foul Ball, location: 2F
0-2: Strikes out swinging
Batting: RHB Rick Pittman 0-0: Ball
1-0: Foul Ball, location: 2F
1-1: DOUBLE (Groundball, 5L, EV 103.8 MPH)
Pinch Hitting: RHB Jose Almonte 0-0: Called Strike
0-1: Hit by Pitch
Pinch Hitting: RHB Mike Velazquez 0-0: Ball
1-0: Ball
2-0: Swinging Strike
2-1: Foul Ball, location: 2F
2-2: Ball
3-2: Base on Balls
Rick Pittman to third
Jose Almonte to second
Batting: RHB Zach Chmieleski 0-0: Foul Ball, location: 2F
0-1: Ball
1-1: Swinging Strike
1-2: Ball
2-2: Ball
3-2: SINGLE (Line Drive, 78S, EV 113.1 MPH)
Rick Pittman scores
Jose Almonte to third
Mike Velazquez to second
Jose Almonte scores
Mike Velazquez to third
Pitching: RHP Seriozha Darzinsh
Batting: RHB Freddy Quintero 0-0: Called Strike
0-1: Foul Ball, location: 2F
0-2: Ball
1-2: Ball
2-2: Foul Ball, location: 2F
2-2: Fly out, F9 (Flyball, 9D, EV 98.8 MPH)
Bottom of the 7th over - 2 runs, 2 hits, 0 errors, 2 left on base; Rome 10 - West Virginia 11
TOP OF THE 8TH
Rome Braves batting - Pitching for West Virginia Black Bears : RHP Frank Morris
Pitching: RHP Steve Kane
Now at 1B: Tim Brereton
Now in LF: Jose Almonte
Batting: LHB Joe Phillips 0-0: Ground out 6-3 (Groundball, 56, EV 107.5 MPH)
Batting: LHB Mike Tenorio 0-0: Ball
1-0: Foul Ball, location: 2F
1-1: Swinging Strike
1-2: Ball
2-2: Foul Ball, location: 2F
2-2: Strikes out swinging
Batting: RHB Jose Ramos 0-0: Ball
1-0: Foul Ball, location: 2F
1-1: Ball
2-1: Ball
3-1: Foul Ball, location: 2F
3-2: Strikes out looking
Top of the 8th over - 0 runs, 0 hits, 0 errors, 0 left on base; Rome 10 - West Virginia 11
BOTTOM OF THE 8TH
West Virginia Black Bears batting - Pitching for Rome Braves : RHP Seriozha Darzinsh
Pitching: RHP Wami Benthami
Batting: LHB Brandon Sarni 0-0: SINGLE (Groundball, 4MS, EV 65.0 MPH) (infield hit)
Batting: RHB Brandon White 0-0: Called Strike
Brandon Sarni steals 2nd base
0-1: Ball
1-1: Foul Ball, location: 2F
1-2: Ball
2-2: Strikes out swinging
Batting: SHB Mike Corley 0-0: Called Strike
Brandon Sarni steals 3rd base
0-1: Foul Ball, location: 2F
0-2: Ball
1-2: Ground out U3 (Groundball, 3S, EV 88.1 MPH)
Batting: RHB Richard Barrios 0-0: Fly out, F8 (Flyball, 8RD, EV 81.9 MPH)
Bottom of the 8th over - 0 runs, 1 hit, 0 errors, 1 left on base; Rome 10 - West Virginia 11
TOP OF THE 9TH
Rome Braves batting - Pitching for West Virginia Black Bears : RHP Steve Kane
Batting: LHB Javier Rubio 0-0: Ground out 4-3 (Groundball, 4, EV 100.6 MPH)
Batting: SHB Jordan Barragan 0-0: Ball
1-0: Ball
2-0: Called Strike
2-1: SINGLE (Line Drive, 9S, EV 95.0 MPH)
Batting: RHB Andy Cunningham 0-0: Ball
1-0: SINGLE (Groundball, 6D, EV 102.5 MPH)
Jordan Barragan to second
Batting: RHB Peter Wheeler 0-0: Foul Ball, location: 2F
0-1: Called Strike
0-2: Strikes out swinging
Batting: LHB Malik Boulay 0-0: Called Strike
0-1: Called Strike
0-2: Foul Ball, location: 2F
0-2: Ball
Wild Pitch!
Jordan Barragan to third
Andy Cunningham to second
1-2: Ball
2-2: Ball
3-2: Foul Ball, location: 2F
3-2: Base on Balls
Batting: RHB Hisayuki Akiyama 0-0: Ball
1-0: Called Strike
1-1: Ball
2-1: Ball
3-1: Base on Balls
Jordan Barragan scores
Andy Cunningham to third
Malik Boulay to second
Batting: LHB Joe Phillips 0-0: Ball
1-0: Ball
2-0: TRIPLE (Flyball, 8LXD, EV 91.2 MPH)
Andy Cunningham scores
Malik Boulay scores
Hisayuki Akiyama scores
Batting: LHB Mike Tenorio 0-0: SINGLE (Flyball, 5D, EV 91.2 MPH)
Joe Phillips scores
Batting: RHB Jose Ramos 0-0: Called Strike
0-1: Called Strike
0-2: Foul Ball, location: 2F
0-2: Hit by Pitch
Mike Tenorio to second
Batting: LHB Javier Rubio 0-0: Ball
1-0: Called Strike
1-1: Called Strike
1-2: Ball
2-2: Ball
3-2: Base on Balls
Mike Tenorio to third
Jose Ramos to second
Batting: SHB Jordan Barragan 0-0: Called Strike
0-1: Ball
1-1: Ball
2-1: Ball
3-1: Base on Balls
Mike Tenorio scores
Jose Ramos to third
Javier Rubio to second
Batting: RHB Andy Cunningham 0-0: Ball
1-0: Ball
2-0: DOUBLE (Flyball, 89D, EV 96.9 MPH)
Jose Ramos scores
Javier Rubio scores
Jordan Barragan to third
Pitching: RHP Franklin Amaro
Batting: RHB Peter Wheeler 0-0: Ball
1-0: Ball
2-0: Called Strike
2-1: Foul Ball, location: 2F
2-2: Ball
3-2: Foul Ball, location: 2F
3-2: Foul Ball, location: 2F
3-2: Foul Ball, location: 2F
3-2: Fly out, F7 (Flyball, 78S, EV 93.1 MPH)
Top of the 9th over - 8 runs, 5 hits, 0 errors, 2 left on base; Rome 18 - West Virginia 11
BOTTOM OF THE 9TH
West Virginia Black Bears batting - Pitching for Rome Braves : RHP Wami Benthami
Batting: RHB Rick Pittman 0-0: Ball
1-0: Fly out, F8 (Line Drive, 8RD, EV 91.2 MPH)
Batting: RHB Jose Almonte 0-0: Hit by Pitch
Batting: RHB Tim Brereton 0-0: Swinging Strike
0-1: Foul Ball, location: 2F
0-2: Ball
1-2: Ball
2-2: SINGLE (Groundball, 6MD, EV 97.5 MPH)
Jose Almonte to second
Batting: RHB Zach Chmieleski 0-0: Called Strike
0-1: Foul Ball, location: 2F
0-2: Ball
1-2: Strikes out swinging
Batting: RHB Freddy Quintero 0-0: Called Strike
0-1: SINGLE (Groundball, 56D, EV 110.0 MPH) (infield hit)
Jose Almonte to third
Tim Brereton to second
Batting: LHB Brandon Sarni 0-0: Swinging Strike
0-1: Ball
1-1: Foul Ball, location: 2F
1-2: Foul Ball, location: 2F
1-2: Foul Ball, location: 2F
1-2: Strikes out looking
Bottom of the 9th over - 0 runs, 2 hits, 0 errors, 3 left on base; Rome 18 - West Virginia 11
Wednesday, June 22nd , 2022 - OOTP Baseball 23.4 Build 64